 Dungeon Crawl Stone Soup version 0.23-a0-171-g5ae17c6 (webtiles) character file.

28533 glosham the Brawler (level 13, 0/127 HPs)
             Began as a Troll Abyssal Knight on Sept 11, 2018.
             Was a High Priest of Lugonu.
             Slain by a polar bear (10 damage)
             ... in an ice cave on Sept 13, 2018.
             The game lasted 02:41:10 (4296 turns).

glosham the Brawler (Troll Abyssal Knight)          Turns: 4296, Time: 02:41:12

Health: 0/127      AC:  5    Str: 29    XL:     13   Next: 10%
Magic:  16/16      EV: 11    Int: 10    God:    Lugonu [*****.]
Gold:   527        SH:  0    Dex:  7    Spells: 10/12 levels left

rFire    + . .     SeeInvis .     - Unarmed
rCold    + + +     Gourm    +   (no shield)
rNeg     . . .     Faith    .   X - +0 robe
rPois    +         Spirit   .   V - +0 hat of Valour {+Inv rC+++ Str+4 Dex-4}
rElec    +         Reflect  .   (no cloak)
rCorr    +         Harm     .   (gloves unavailable)
MR       .....                  (boots unavailable)
Stlth    +.........             (no amulet)
HPRegen  0.71/turn              A - +4 ring of slaying
MPRegen  0.15/turn              B - +2 ring of strength

@: about to teleport, resistant, very slightly contaminated
A: large, unfitting armour, claws 3, horns 1, fast metabolism 3, gourmand,
regeneration 1, shaggy fur 1, tough skin 2
a: Depart the Abyss, Bend Space, Banish, Corrupt, Enter the Abyss, Renounce
Religion, Evoke Invisibility


You were in an ice cave.
You worshipped Lugonu.
Lugonu was extremely pleased with you.
You were completely stuffed.

You visited 2 branches of the dungeon, and saw 13 of its levels.
You visited the Abyss 1 time.
You also visited: Ice Cave.

You collected 527 gold pieces.

Inventory:

Hand Weapons
 c - a +0 blowgun
Missiles
 l - 3 tomahawks (quivered)
 m - 37 bolts
 n - 3 large rocks
 o - 22 arrows
 p - 97 stones
 r - 123 sling bullets
 w - 3 curare-tipped needles
Armour
 V - the +0 hat of Valour (worn) {+Inv rC+++ Str+4 Dex-4}
   (You found it on level 1 of the Lair of Beasts)

   It affects your strength (+4).
   It affects your dexterity (-4).
   It renders you almost immune to cold.
   It lets you turn invisible.
 W - a +1 hat
 X - a +0 robe (worn)
Magical Staves
 b - an uncursed staff of wizardry {!a}
 C - an uncursed staff of air {unknown}
Jewellery
 A - a +4 ring of slaying (left claw)
 B - a +2 ring of strength (right claw)
Wands
 q - a wand of acid (8)
Scrolls
 d - 6 scrolls of teleportation
 u - a scroll of remove curse
 y - a scroll of immolation
Potions
 e - 2 potions of brilliance
 f - a potion of resistance
 g - a potion of might {unknown}
 h - a potion of flight
 i - a potion of curing
 k - a potion of invisibility {unknown}
 t - a potion of agility
 x - a potion of magic
 z - a potion of heal wounds
 D - a potion of cancellation {unknown}
 E - a potion of ambrosia
Miscellaneous
 s - 2 phantom mirrors
 v - a lamp of fire (inert)
Comestibles
 a - 18 rations
 j - 12 chunks of flesh


   Skills:
 * Level 8.2 Fighting
 * Level 6.4 Dodging
 * Level 15.4 Unarmed Combat
 - Level 6.0 Invocations
 - Level 6.4 Evocations


You had 10 spell levels left.
You knew the following spells:

 Your Spells              Type           Power        Failure   Level  Hunger
H - Swiftness             Chrm/Air       #.......     50%         2    ###....

Your spell library contained the following spells:

 Spells                   Type           Power        Failure   Level  Hunger
 Shock                    Conj/Air       #...         36%         1    ##.....
 Static Discharge         Conj/Air       #.......     75%         3    ####...
 Airstrike                Air            #.........   98%         4    #####..
 Lightning Bolt           Conj/Air       #.........   100%        5    ######.


Dungeon Overview and Level Annotations

Branches:
Dungeon (10/15)            Temple (0/1) D:7            Lair (3/6) D:8
 Shoals (0/4) Lair:2
  Snake: Lair:2-4    Spider: Lair:2-4       Orc: D:9-12

Altars:
Cheibriados
Vehumet

Annotations:
D:7 exclusion: hornet
D:9 3 runed doors, exclusion: 3 doors, HydraWiggins's ghost, novice TrAE


Innate Abilities, Weirdness & Mutations

You are too large for most types of armour.
You have claws for hands.
Your metabolism is lightning-fast.
You like to eat raw meat.
Your natural rate of healing is unusually fast.
You are covered in fur. (AC +1)
You have very tough skin. (AC +2)
You have a pair of small horns on your head.


Message History

Okay, then.
You flicker back into view.
Some of the chunks of flesh in your inventory have rotted away.
Evoke which item? (* to show all) (? for menu, Esc to quit)
Aiming: Corrosive Bolt
Press: ? - help, Shift-Dir - straight line, f - polar bear, p - yak
Aim: a polar bear The bolt of acid hits the polar bear.
The polar bear is splashed with acid.
The acid corrodes the polar bear!
The polar bear is heavily wounded.
The bolt of acid hits the yak.
The yak is splashed with acid.
You kill the yak!
Lugonu accepts your kill.
The polar bear is engulfed in blazing flames.
You completely miss the polar bear. Your headbutt misses the polar bear.
You claw the polar bear!
You kill the polar bear!
Lugonu accepts your kill.
Okay, then.
Evoke which item? (* to show all) (? for menu, Esc to quit)
Aiming: Corrosive Bolt
Press: ? - help, Shift-Dir - straight line, f - polar bear, p - polar bear
Aim: a polar bear The bolt of acid hits the polar bear.
The polar bear is splashed with acid.
The acid corrodes the polar bear!
The polar bear is severely wounded.
The bolt of acid hits the polar bear.
The polar bear is splashed with acid.
The acid corrodes the polar bear!
The polar bear is heavily wounded.
It was a potion of magic.
Magic courses through your body.
You scratch the polar bear but do no damage.
The polar bear is severely wounded.
The polar bear bites you!
* * * LOW HITPOINT WARNING * * *
The polar bear claws you but does no damage.
The polar bear claws you.
* * * LOW HITPOINT WARNING * * *
As you read the scroll of teleportation, it crumbles to dust.
You feel strangely unstable. The polar bear bites you!
You die... ##### ########## ##.#.## #h..##YYh########.#.⌠.##### #h..##...##h@.#..#.###.###≈≈≈ #h.Yh ########..#..#######≈≈≈# YChY #..#####.≈≈#≈≈≈### Yh.

##..##..≈#≈≈≈≈##
#.
###...##≈≈≈#≈≈###
# #####≈≈≈####≈≈.
#≈≈#≈≈≈≈ ###.
≈≈≈≈≈≈≈≈≈###..
≈≈≈≈≈≈≈≈####..#


You could see 2 polar bears and 2 yaks.

Vanquished Creatures
  Gastronok (Lair:1)
  A frost giant (IceCv)
  The ghost of grindst0ne the Slicer, a journeyman KoBe of Trog (Lair:1)
  2 two-headed ogres
  3 death yaks (IceCv)
  A cyclops (D:8)
  11 elephants
  A smoke demon (Abyss:5)
  2 komodo dragons
  2 hellwings (Abyss:5)
  2 ice devils (Lair:3)
  An ancient zyme (Abyss:4)
  10 polar bears (IceCv)
  A hornet (D:10)
  Prince Ribbit (D:7)
  5 hippogriffs
  Sigmund (D:6)
  A hungry ghost (D:7)
  A wyvern (Lair:3)
  42 yaks
  A basilisk (Lair:1)
  A neqoxec (Abyss:4)
  2 soldier ants (D:10)
  2 small abominations
  4 water moccasins
  6 porcupines
  3 sky beasts (D:9)
  An ice beast (D:7)
  A hornet zombie (D:10)
  An ogre (D:9)
  A black bear (D:7)
  A phantom (D:7)
  A centaur (D:7)
  21 wolves
  3 crocodiles
  2 big kobolds
  8 bullfrogs
  2 scorpions
  A water moccasin skeleton (D:10)
  4 wights (D:6)
  A crimson imp (D:8)
  A bullfrog zombie (D:8)
  A centaur zombie (D:9)
  5 hounds
  2 orc priests
  A jelly (D:7)
  A bullfrog skeleton (D:10)
  An iron imp (Abyss:2)
  An orc wizard (D:10)
  3 worker ants
  A hound zombie (D:8)
  A hound skeleton (D:10)
  A howler monkey zombie (D:6)
  A worker ant zombie (D:8)
  4 gnolls (D:7)
  A howler monkey skeleton (D:9)
  5 adders
  2 oozes
  A worm (D:10)
  2 leopard geckos
  8 orcs
  2 bats
  2 giant cockroaches (D:1)
  3 goblins (D:1)
  2 hobgoblins (D:1)
  7 jackals
  6 kobolds
  5 quokkas
  A frilled lizard (D:1)
  A jackal skeleton (D:7)
  A fungus (D:8)
  A plant (D:8)
231 creatures vanquished.

Vanquished Creatures (collateral kills)
  A wight (D:6)
1 creature vanquished.

Vanquished Creatures (others)
  A spiny frog (Lair:3)
  4 plants
5 creatures vanquished.

Grand Total: 237 creatures vanquished

Notes
Turn   | Place    | Note
-------+----------+-------------------------------------------
     0 | Abyss:1  | glosham the Troll Abyssal Knight began the quest for the
                  | Orb.
     0 | Abyss:1  | Reached XP level 1. HP: 22/22 MP: 1/1
    52 | Abyss:1  | Noticed a wretched star
   126 | Abyss:2  | Noticed an iron imp
   129 | Abyss:2  | Killed an iron imp
   129 | Abyss:2  | Reached skill level 1 in Evocations
   129 | Abyss:2  | Reached XP level 2. HP: 29/29 MP: 2/2
   142 | Abyss:2  | Noticed a small abomination
   144 | Abyss:2  | Killed a small abomination
   144 | Abyss:2  | Reached skill level 3 in Evocations
   144 | Abyss:2  | Reached XP level 3. HP: 36/36 MP: 2/4
   144 | Abyss:2  | Reached XP level 4. HP: 44/44 MP: 2/5
   148 | Abyss:3  | Noticed a vampire mage
   156 | Abyss:3  | Noticed a starcursed mass
   175 | Abyss:3  | Noticed a small abomination
   179 | Abyss:3  | Killed a small abomination
   179 | Abyss:3  | Reached skill level 4 in Evocations
   179 | Abyss:3  | Reached XP level 5. HP: 50/50 MP: 5/7
   282 | Abyss:4  | Noticed a spatial vortex
   282 | Abyss:4  | Noticed a spatial vortex
   282 | Abyss:4  | Noticed an ancient zyme
   282 | Abyss:4  | Noticed a spatial maelstrom
   282 | Abyss:4  | Noticed a spatial vortex
   283 | Abyss:4  | Noticed a spatial vortex
   283 | Abyss:4  | Noticed a spatial vortex
   297 | Abyss:4  | Killed an ancient zyme
   297 | Abyss:4  | Reached skill level 5 in Evocations
   297 | Abyss:4  | Reached XP level 6. HP: 44/59 MP: 8/8
   297 | Abyss:4  | Noticed a neqoxec
   300 | Abyss:4  | Gained mutation: You have a pair of small horns on your
                  | head. [a neqoxec]
   302 | Abyss:4  | Killed a neqoxec
   302 | Abyss:4  | Reached XP level 7. HP: 41/66 MP: 8/10
   304 | Abyss:5  | Entered Level 5 of the Abyss
   306 | Abyss:5  | Noticed a smoke demon
   307 | Abyss:5  | Noticed a hellwing
   307 | Abyss:5  | Noticed a hellwing
   311 | Abyss:5  | Killed a hellwing
   311 | Abyss:5  | Reached skill level 6 in Evocations
   324 | Abyss:5  | Killed a smoke demon
   324 | Abyss:5  | Reached skill level 4 in Unarmed Combat
   324 | Abyss:5  | Reached XP level 8. HP: 44/74 MP: 11/11
   331 | Abyss:5  | Killed a hellwing
   331 | Abyss:5  | Reached skill level 5 in Unarmed Combat
   334 | Abyss:5  | Found a corrupted altar of Lugonu.
   342 | D:1      | Escaped the Abyss
   343 | D:1      | Upgraded the game from 0.23-a0-169-gb21e695 to
                  | 0.23-a0-171-g5ae17c6
   512 | D:1      | Reached * piety under Lugonu
   877 | D:5      | Entered Level 5 of the Dungeon
   948 | D:6      | Noticed Sigmund
   967 | D:6      | Killed Sigmund
   967 | D:6      | Reached skill level 6 in Unarmed Combat
  1027 | D:6      | Found a snail-covered altar of Cheibriados.
  1083 | D:6      | Reached skill level 7 in Unarmed Combat
  1196 | D:7      | Reached skill level 8 in Unarmed Combat
  1227 | D:7      | Reached ** piety under Lugonu
  1275 | D:7      | Noticed Prince Ribbit
  1320 | D:6      | Reached XP level 9. HP: 76/80 MP: 12/12
  1364 | D:7      | Found a staircase to the Ecumenical Temple.
  1415 | D:7      | Reached skill level 9 in Unarmed Combat
  1432 | D:7      | Killed Prince Ribbit
  1481 | D:8      | Noticed a cyclops
  1495 | D:8      | Killed a cyclops
  1495 | D:8      | Reached skill level 10 in Unarmed Combat
  1668 | D:9      | Found a runed gate.
  1672 | D:9      | Noticed HydraWiggins's ghost (novice TrAE)
  1673 | D:9      | Found a runed gate.
  1673 | D:9      | Found a runed gate.
  1673 | D:9      | Noticed an 11-headed hydra
  1707 | D:9      | Reached skill level 11 in Unarmed Combat
  1738 | D:9      | Reached XP level 10. HP: 68/88 MP: 13/13
  1810 | D:10     | Entered Level 10 of the Dungeon
  1921 | D:10     | Reached skill level 12 in Unarmed Combat
  1975 | D:10     | Noticed a two-headed ogre
  1985 | D:10     | Killed a two-headed ogre
  2064 | D:10     | Reached *** piety under Lugonu
  2074 | D:9      | Noticed a two-headed ogre
  2078 | D:9      | Killed a two-headed ogre
  2078 | D:9      | Reached skill level 13 in Unarmed Combat
  2247 | D:8      | Found a staircase to the Lair.
  2362 | Lair:1   | Entered Level 1 of the Lair of Beasts
  2395 | Lair:1   | Found a runed gate.
  2395 | Lair:1   | Found a runed gate.
  2395 | Lair:1   | Found a runed gate.
  2418 | Lair:1   | Noticed grindst0ne's ghost (journeyman KoBe)
  2455 | Lair:1   | Reached skill level 14 in Unarmed Combat
  2497 | Lair:1   | Killed grindst0ne's ghost
  2497 | Lair:1   | Reached skill level 3 in Fighting
  2497 | Lair:1   | Reached skill level 2 in Invocations
  2497 | Lair:1   | Reached XP level 11. HP: 95/97 MP: 14/14
  2504 | Lair:1   | Reached skill level 3 in Invocations
  2546 | Lair:1   | Identified the cursed +0 hat of Valour {+Inv rC+++ Str+4
                  | Dex-4} (You found it on level 1 of the Lair of Beasts)
  2699 | Lair:2   | Reached **** piety under Lugonu
  2699 | Lair:2   | Reached skill level 4 in Fighting
  2815 | Lair:1   | Noticed Gastronok
  2827 | Lair:1   | HP: 5/100 [river rat[Gastronok] (6)]
  2829 | Lair:1   | Killed Gastronok
  2829 | Lair:1   | Reached skill level 4 in Invocations
  2844 | Lair:1   | Reached skill level 5 in Fighting
  2844 | Lair:1   | Reached skill level 5 in Invocations
  2968 | Lair:1   | Reached skill level 2 in Dodging
  3026 | Lair:1   | Learned a level 2 spell: Swiftness
  3233 | Lair:2   | Reached skill level 3 in Dodging
  3235 | Lair:2   | Reached skill level 6 in Invocations
  3252 | Lair:2   | Found a radiant altar of Vehumet.
  3382 | Lair:2   | Found a staircase to the Shoals.
  3479 | Lair:3   | Reached skill level 6 in Fighting
  3484 | Lair:3   | Reached XP level 12. HP: 63/114 MP: 15/15
  3656 | Lair:3   | Reached skill level 4 in Dodging
  3767 | Lair:3   | Reached ***** piety under Lugonu
  3861 | Lair:3   | Found a frozen archway.
  3867 | Lair:3   | Reached skill level 7 in Fighting
  3911 | IceCv    | Entered an ice cave
  3928 | IceCv    | Reached skill level 5 in Dodging
  4056 | IceCv    | Reached skill level 15 in Unarmed Combat
  4095 | IceCv    | Noticed a death yak
  4095 | IceCv    | Noticed a death yak
  4106 | IceCv    | Killed a death yak
  4111 | IceCv    | Killed a death yak
  4172 | IceCv    | Reached skill level 6 in Dodging
  4259 | IceCv    | Noticed a frost giant
  4259 | IceCv    | Noticed a death yak
  4284 | IceCv    | Killed a frost giant
  4284 | IceCv    | Reached skill level 8 in Fighting
  4284 | IceCv    | Reached XP level 13. HP: 58/127 MP: 16/16
  4295 | IceCv    | HP: 11/127 [polar bear (16)]
  4296 | IceCv    | Slain by a polar bear

Vault maps used:
D:1:      dpeg_arrival_erosion
D:3:      kennysheep_generic_room_8
D:4:      first_ration, minmay_misc_feat_rows
D:5:      kennysheep_mini
D:6:      basic_altar, minmay_hedge_maze, dk_rats_in_the_wall, uniq_sigmund
D:7:      minmay_temple_entry_trees, serial_bayou_ford_a, uniq_prince_ribbit1
D:8:      dpeg_oklobed_lair, serial_shops, nicolae_shop_statue_plus
D:9:      hangedman_screamer, gammafunk_ghost_hydra_chop
D:10:     hangedman_pestilent_swarm
Lair:1:   gammafunk_ghost_split, beast_lair_carwin_11, uniq_gastronok
Lair:2:   elwin_shoals_entry_rocks, basic_altar, serial_bayou_pond_a
Lair:3:   dummy_spider_entry, portal_ice_cave_demonic_guard,
          beast_lair_carwin_10
Abyss:1:  bh_abyss_exit_choice
Abyss:3:  evilmike_abyss_exit_14, grunt_abyss_rune_wretched_hive
Abyss:4:  kilobyte_mutagenic_chamber, hangedman_abyss_rune_flesh_and_stone,
          bh_abyss_exit_choice
Abyss:5:  hangedman_abyss_or_decor_clamps, doesnt_abyss_rune_brain_food
IceCv:    ice_cave_caverns_03

Skill      XL: |  1  2  3  4  5  6  7  8  9 10 11 12 |
---------------+-------------------------------------+-----
Evocations     | 1 3 4 5 6 |  6.4
Unarmed Combat | 4 8 11 14 15 | 15.4
Fighting       | 3 6 8 |  8.2
Invocations    | 2 6 |  6.0
Dodging        | 3 6 |  6.4

Action                   |  1- 3 |  4- 6 |  7- 9 | 10-12 | 13-15 || total
-------------------------+-------+-------+-------+-------+-------++-------
Melee: Unarmed           |       |       |   212 |   475 |     7 ||   694
       Headbutt          |       |       |    36 |   110 |     3 ||   149
       Punch             |       |       |     6 |    37 |     2 ||    45
 Fire: Blowgun           |       |       |       |     3 |       ||     3
Throw: Large rock        |       |       |       |     3 |       ||     3
       Tomahawk          |       |       |       |     1 |       ||     1
Invok: Depart the Abyss  |       |       |     1 |       |       ||     1
       Banish            |       |       |       |     1 |       ||     1
 Abil: Evoke Invisibilit |       |       |       |     3 |       ||     3
Evoke: Wand              |     3 |    13 |     7 |     3 |     2 ||    28
       Lamp of fire      |       |       |       |     1 |       ||     1
  Use: Scroll            |     2 |     1 |     9 |    10 |     1 ||    23
       Potion            |       |       |     2 |     6 |     1 ||     9
 Stab: Invisible         |       |       |       |     5 |       ||     5
  Eat: Chunk             |       |       |    24 |    25 |       ||    49
Armor: Robe              |       |       |    60 |    66 |     1 ||   127
       Skin              |       |       |       |    14 |       ||    14
Dodge: Dodged            |       |     2 |   110 |   153 |     1 ||   266

Table legend:
 A = Non-vault XP
 B = Vault XP
 C = Vault XP percentage of total XP
 D = Non-vault monster count
 E = Vault monster count
 F = Vault count percentage of total count
                 A         B        C        D         E       F
            +---------+---------+-------+---------+---------+-------
      Total |   21999 |   18763 |  46.0 |     169 |      62 |  26.8
            +---------+---------+-------+---------+---------+-------
        D:1 |      24 |       0 |   0.0 |      13 |       0 |   0.0
        D:2 |       7 |       0 |   0.0 |       1 |       0 |   0.0
        D:3 |      14 |       0 |   0.0 |       4 |       0 |   0.0
        D:5 |      50 |       0 |   0.0 |       4 |       0 |   0.0
        D:6 |     318 |     223 |  41.2 |       9 |       1 |  10.0
        D:7 |     986 |     264 |  21.1 |      19 |       1 |   5.0
        D:8 |    1073 |       0 |   0.0 |      15 |       0 |   0.0
        D:9 |    3073 |       0 |   0.0 |      27 |       0 |   0.0
       D:10 |    1211 |     612 |  33.6 |      11 |       4 |  26.7
     Lair:1 |    4119 |    3809 |  48.0 |      20 |       6 |  23.1
     Lair:2 |    3914 |       0 |   0.0 |      20 |       0 |   0.0
     Lair:3 |    5462 |    2152 |  28.3 |      18 |      10 |  35.7
    Abyss:2 |     190 |       0 |   0.0 |       2 |       0 |   0.0
    Abyss:3 |     112 |       0 |   0.0 |       1 |       0 |   0.0
    Abyss:4 |     510 |       0 |   0.0 |       2 |       0 |   0.0
    Abyss:5 |     936 |       0 |   0.0 |       3 |       0 |   0.0
      IceCv |       0 |   11703 | 100.0 |       0 |      40 | 100.0
            +---------+---------+-------+---------+---------+-------

Table legend:
 A = Turns spent in this place as a percentage of turns spent in the entire game.
 B = Non-inter-level travel turns spent in this place as a percentage of non-inter-level travel turns spent in the entire game.
 C = Inter-level travel turns spent in this place as a percentage of turns spent in this place.
 D = Turns resting spent in this place as a percentage of non-inter-level travel turns spent in this place.
 E = Turns spent auto-exploring this place as a percentage of non-inter-level travel turns spent in this place.
 F = Non-inter-level travel turns spent in this place divided by the number of levels of this place that you've seen.
                   A       B       C       D       E      F
               +-------+-------+-------+-------+-------+----------------------
         Total | 100.0 | 100.0 |   1.4 |   1.1 |   0.0 | 222.8
       Dungeon |  47.2 |  47.4 |   1.0 |   0.9 |   0.0 | 200.5
          Lair |  35.9 |  35.5 |   2.7 |   1.9 |   0.0 | 500.7
         Abyss |   8.0 |   8.1 |   0.0 |   0.0 |   0.0 |  68.4
      Ice Cave |   9.0 |   9.1 |   0.0 |   0.0 |   0.0 | 385.0
               +-------+-------+-------+-------+-------+----------------------

Table legend:
 A = Kills in this place as a percentage of kills in entire the game.
 B = Kills by you in this place as a percentage of kills by you in the entire game.
 C = Kills by friends in this place as a percentage of kills by friends in the entire game.
 D = Other kills in this place as a percentage of other kills in the entire game.
 E = Experience gained in this place as a percentage of experience gained in the entire game.
 F = Experience gained in this place divided by the number of levels of this place that you have seen.
                   A       B       C       D       E      F
               +-------+-------+-------+-------+-------+----------------------
         Total | 100.0 | 100.0 | 100.0 | 100.0 | 100.0 | 2145.4
       Dungeon |  47.2 |  47.2 | 100.0 |   0.0 |  19.3 | 785.5
          Lair |  32.0 |  31.9 |   0.0 | 100.0 |  47.7 | 6485.3
         Abyss |   3.5 |   3.5 |   0.0 |   0.0 |   4.3 | 349.6
      Ice Cave |  17.3 |  17.5 |   0.0 |   0.0 |  28.7 | 11703.0
               +-------+-------+-------+-------+-------+----------------------

Vault maps used:
D:1:      dpeg_arrival_erosion
D:3:      kennysheep_generic_room_8
D:4:      first_ration, minmay_misc_feat_rows
D:5:      kennysheep_mini
D:6:      basic_altar, minmay_hedge_maze, dk_rats_in_the_wall, uniq_sigmund
D:7:      minmay_temple_entry_trees, serial_bayou_ford_a, uniq_prince_ribbit1
D:8:      dpeg_oklobed_lair, serial_shops, nicolae_shop_statue_plus
D:9:      hangedman_screamer, gammafunk_ghost_hydra_chop
D:10:     hangedman_pestilent_swarm
Lair:1:   gammafunk_ghost_split, beast_lair_carwin_11, uniq_gastronok
Lair:2:   elwin_shoals_entry_rocks, basic_altar, serial_bayou_pond_a
Lair:3:   dummy_spider_entry, portal_ice_cave_demonic_guard,
          beast_lair_carwin_10
Abyss:1:  bh_abyss_exit_choice
Abyss:3:  evilmike_abyss_exit_14, grunt_abyss_rune_wretched_hive
Abyss:4:  kilobyte_mutagenic_chamber, hangedman_abyss_rune_flesh_and_stone,
          bh_abyss_exit_choice
Abyss:5:  hangedman_abyss_or_decor_clamps, doesnt_abyss_rune_brain_food
IceCv:    ice_cave_caverns_03
